 Dungeon Crawl Stone Soup version 0.25.0-46-gbd7b0854d2 (webtiles) character file.

Game seed: 6793815598277166538

2 Descartes the Vexing (level 1, 0/10 HPs)
             Began as a Deep Elf Wanderer on July 14, 2020.
             Slain by a hobgoblin
             ... wielding a +0 club
              (5 damage)
             ... on level 1 of the Dungeon.
             The game lasted 00:01:23 (526 turns).

Descartes the Vexing (Deep Elf Wanderer)             Turns: 526, Time: 00:01:23

Health: 0/10       AC:  2    Str:  7    XL:     1   Next: 25%
Magic:  5/6        EV: 11    Int: 17    God:
Gold:   4          SH:  0    Dex: 15    Spells: 5/6 levels left

rFire    . . .     SeeInvis .   a - +0 dagger
rCold    . . .     Gourm    .   (no shield)
rNeg     . . .     Faith    .   d - +0 robe
rPois    .         Spirit   .   (no helmet)
rElec    .         Reflect  .   (no cloak)
rCorr    .         Harm     .   (no gloves)
MR       .....                  (no boots)
Stlth    ++........             (no amulet)
HPRegen  0.03/turn              (no ring)
MPRegen  0.10/turn              (no ring)

@: no status effects
A: no striking features
a: no special abilities


You were on level 1 of the Dungeon.
You were not hungry.

You visited 1 branch of the dungeon, and saw 1 of its levels.

You collected 4 gold pieces.

Inventory:

Hand Weapons
 a - a +0 dagger (weapon)
Missiles
 e - a stone (quivered)
Armour
 d - a +0 robe (worn)
 i - a +0 buckler
Potions
 b - a potion of flight {unknown}
 c - a potion of lignification
 g - a potion of might {unknown}
 j - a potion of invisibility {unknown}
Comestibles
 f - 2 rations
 h - a chunk of flesh


   Skills:
 - Level 1.0 Throwing
 - Level 1.2 Stealth
 + Level 0.0 Shields
 - Level 3.0 Spellcasting
   Level 1.1 Conjurations
   Level 4.0 Hexes
 - Level 2.1 Transmutations
 + Level 0.5 Poison Magic


You had 5 spell levels left.
You knew the following spells:

 Your Spells              Type           Power        Failure   Level  Hunger
a - Sting                 Tmut/Pois      #...         10%         1    None

Your spell library contained the following spells:

 Spells                   Type           Power        Failure   Level  Hunger
 Beastly Appendage        Tmut           ##....       7%          1    None
 Sticks to Snakes         Tmut           ##......     11%         2    ##.....
 Spider Form              Tmut/Pois      #.........   30%         3    ###....
 Mephitic Cloud           Conj/Pois/Air  #.......     38%         3    ###....
 Ice Form                 Ice/Tmut       #.......     73%         4    ####...
 Blade Hands              Tmut           ##........   89%         5    ######.


Dungeon Overview and Level Annotations

Branches:
Dungeon (1/15)

Altars:


Message History

The hobgoblin is moderately wounded.
The hobgoblin misses you.
You closely miss the hobgoblin.
The hobgoblin is moderately wounded.
The hobgoblin hits you with a +0 club.
You are too injured to fight recklessly!
You are too injured to fight recklessly!
You hit the hobgoblin but do no damage.
The hobgoblin is lightly wounded.
The hobgoblin closely misses you.
Casting: Sting (safe; 10% risk of failure)
Confirm with . or Enter, or press ? or * to list all spells.
Aiming: Sting (safe; 10% risk of failure)
Press: ? - help, Shift-Dir - straight line, f - hobgoblin
Aim: a hobgoblin, wielding a +0 club (lightly wounded)
The sting hits the hobgoblin.
The hobgoblin is poisoned.
The hobgoblin is heavily wounded.
The hobgoblin hits you with a +0 club.
Ouch! That really hurt!
You die...

### #.. #.. #.. #..
###################..
#..g@.............#..
#.###############'###
##....##......
##..##.##......
##..##..##......
##.......####.###
##...#.##..###.###
##...##..#...##....
##...###..#.#..#####


You could see a hobgoblin (poisoned).

Vanquished Creatures
  A frilled lizard (D:1)
  A kobold (D:1)
  A rat (D:1)
3 creatures vanquished.

Notes
Turn   | Place    | Note
-------+----------+-------------------------------------------
     0 | D:1      | Descartes the Deep Elf Wanderer began the quest for the
                  | Orb.
     0 | D:1      | Descartes set off with the following items: a +0 dagger, a
                  | potion of lignification, a +0 robe, a ration; and the
                  | following spells available to memorise: Beastly Appendage,
                  | Sting, Sticks to Snakes, Spider Form, Mephitic Cloud, Ice
                  | Form, Blade Hands
     0 | D:1      | Reached XP level 1. HP: 10/10 MP: 6/6
     2 | D:1      | Learned a level 1 spell: Sting
   526 | D:1      | Slain by a hobgoblin

Illustrated notes

Levels and vault maps discovered:
D:1:      dpeg_chamrin_arrival_tetris, layout_basic, minmay_tripent

Action                   || total
-------------------------++-------
Melee: Dagger            ||    16
 Cast: Sting             ||     1
Armor: Robe              ||     1
Dodge: Dodged            ||     6
